 Dungeon Crawl Stone Soup version 0.18.1-48-g4cf74bf (webtiles) character file.

442 MistressOfTheDunes the Insei (level 6, -7/48 HPs)
             Began as a Mummy Monk on June 26, 2016.
             Killed from afar by a gargoyle (25 damage)
             ... with a stone arrow
             ... on level 1 of the Dungeon.
             The game lasted 00:10:00 (16364 turns).

MistressOfTheDunes the Insei (Mummy Monk)          Turns: 16364, Time: 00:10:00

Health: -7/48      AC:  1    Str: 14    XL:     6   Next: 71%
Magic:  6/6        EV: 13    Int:  9    God:
Gold:   172        SH:  5    Dex: 17    Spells: 0 memorised, 5 levels left

rFire  x . .     SeeInvis .       - Unarmed
rCold  + . .     Gourm    .     (no armour)
rNeg   + + +     Faith    .     i - +0 buckler
rPois  ∞         Spirit   .     (no helmet)
rElec  .         Dismiss  .     l - +0 cloak
rCorr  .         Reflect  .     (no gloves)
SustAt +         Harm     .     (no boots)
MR     .....                    (no amulet)
Stlth  ++........               (no ring)
                                f - ring of sustain attributes

@: not resistant to hostile enchantments, unstealthy
A: no food or potions, fire vulnerability, cold resistance 1, negative energy
resistance 3, torment resistance, unbreathing
a: no special abilities


You were on level 1 of the Dungeon.
You were not hungry.

You visited 1 branch of the dungeon, and saw 4 of its levels.

You collected 172 gold pieces.


Innate Abilities, Weirdness & Mutations

You do not eat or drink.
Your flesh is vulnerable to fire.
You are immune to poison.
Your flesh is cold resistant.
You are immune to negative energy.
You are immune to unholy pain and torment.
You can survive without breathing.


   Skills:
 - Level 4.2 Fighting
 - Level 2.4 Dodging
 - Level 1.5 Stealth
 + Level 3.5 Shields
 - Level 5.0 Unarmed Combat


You had 5 spell levels left.
You didn't know any spells.

Inventory:

Armour
 i - a +0 buckler (worn)
 l - a +0 cloak (worn)
Jewellery
 f - a ring of sustain attributes (left hand)
Scrolls
 a - 2 scrolls of amnesia {unknown}
 b - a scroll of enchant armour {unknown}
 c - 2 scrolls of remove curse
 d - a scroll of fog
 e - a scroll of immolation {unknown}
 g - a scroll of blinking
 h - a scroll of fear
 j - 2 scrolls of teleportation {@r4}
 k - a scroll of noise {unknown}
 m - a scroll of magic mapping {unknown}
 n - a scroll of random uselessness {unknown}

Dungeon Overview and Level Annotations

Branches:
Dungeon (4/15)
 Temple: D:4-7

Altars:
Fedhas
Makhleb
Nemelex Xobeh
Qazlal

≈..[.▒▒...........▒ ▒..▒
............▒▒▒▒▒.▒ ▒..▒
≈.≈..▒......▒ ▒.▒▒▒▒ ▒..▒
.≈..▒▒......▒▒▒ ▒..8.▒ ▒..▒
.....▒▒..▒..▒.▒▒▒>▒▒.▒ ▒..▒
...............▒▒.▒▒.▒ ▒..▒
..▒▒..............▒▒.▒▒▒..▒
▒▒░▒▒▒▒▒▒▒▒...............▒
▒.▒......M.........▒
▒.▒....(▒▒▒▒▒.▒▒▒.▒▒
▒.▒▒▒..▒▒ ▒.....▒ ▒.▒ ▒8▒▒
▒.▒▒▒.▒ ▒.▒ ▒.▒ ▒.▒ ▒.▒ ▒.▒
▒.▒ ▒.▒ ▒.▒ ▒.▒ ▒.▒ ▒.░ ░.▒
▒.▒▒▒.▒▒▒▒▒▒▒.▒ ░,░
▒.▒.(..>......▒ ░,░░░░░░


You could see a gargoyle.


Message History

t - Shout!!!
Orders for allies: a - Attack new target! r - Retreat!!! s - Stop attacking! w - Wait here! f - Follow me!
Anything else - Stay silent!
You shout for attention!!!
You swing at nothing!
You swing at nothing!
You swing at nothing!
You climb downwards!
There is a stone staircase leading up here!
You climb upwards!
The gargoyle is too close now for your liking!
There is a stone staircase leading down here!
The gargoyle hurls a stone arrow at you!
The stone arrow misses you!
You climb downwards!
There is a stone staircase leading up here!
You block the gargoyle's attack!
You climb upwards!
There is a stone staircase leading down here!
The gargoyle hits you with a morningstar!!!
You see here 14 stones!
The gargoyle hurls a stone arrow at you!
The stone arrow hits you!!! * * * don't die
* * * The gargoyle hurls a stone arrow at you!
The stone arrow hits you!!!
DANG rip

Action                   |  1- 3 |  4- 6 || total
-------------------------+-------+-------++-------
Melee: Unarmed           |   172 |   338 ||   510
       Punch             |     2 |     9 ||    11
  Use: Scroll            |       |     5 ||     5
 Stab: Sleeping          |    13 |     1 ||    14
Armor: Skin              |       |    13 ||    13
Dodge: Dodged            |   101 |   192 ||   293
Block: Buckler           |       |    36 ||    36

Vault maps used:
D:1:      dpeg_arrival_more_subterranean_lakeside_camping,
          minmay_rat_gold_closets
D:2:      grunt_temple_overflow_forces_of_nature, marbit_many_paths
D:3:      nicolae_overflow_hidden_temple
D:4:      first_bread, serial_bayou, serial_bayou_pond_d, serial_bayou_pond_e,
          serial_bayou_ford_a, serial_bayou_shore_a

Notes
Turn   | Place    | Note
--------------------------------------------------------------
     0 | D:1      | MistressOfTheDunes the Mummy Monk began the quest for the Orb.
     0 | D:1      | Reached XP level 1. HP: 18/18 MP: 1/1
   302 | D:1      | Reached XP level 2. HP: 9/24 MP: 2/2
   617 | D:1      | Reached skill level 4 in Unarmed Combat
   795 | D:1      | Reached XP level 3. HP: 29/29 MP: 3/3
  1066 | D:2      | Found a sparkling altar of Nemelex Xobeh.
  1942 | D:2      | Found a stormy altar of Qazlal.
  1949 | D:2      | Found a blossoming altar of Fedhas.
  1990 | D:2      | HP: 2/29 [worm (11)]
  2721 | D:2      | Reached XP level 4. HP: 20/35 MP: 4/4
  3515 | D:3      | Reached skill level 5 in Unarmed Combat
  4081 | D:3      | Reached XP level 5. HP: 23/41 MP: 5/5
  4659 | D:2      | Reached skill level 4 in Fighting
  5006 | D:3      | Found a burning altar of Makhleb.
  5481 | D:4      | Reached skill level 1 in Shields
  6039 | D:4      | Reached skill level 2 in Shields
  6039 | D:4      | Reached XP level 6. HP: 7/48 MP: 6/6
  9926 | D:1      | Reached skill level 3 in Shields
 12438 | D:1      | Noticed a gargoyle
 13498 | D:2      | Found a blossoming altar of Fedhas.
 13503 | D:2      | Found a stormy altar of Qazlal.
 13675 | D:2      | Found a sparkling altar of Nemelex Xobeh.
 16364 | D:1      | Killed from afar by a gargoyle

Vanquished Creatures
  A giant frog (D:1)
  A scorpion (D:4)
  A centaur skeleton (D:4)
  A worker ant (D:4)
  10 gnolls
  3 adders
  An ooze (D:1)
  2 adder skeletons (D:4)
  6 worms
  4 dart slugs
  3 giant geckos
  12 orcs (D:4)
  4 ball pythons
  13 bats
  4 giant cockroaches
  8 goblins
  10 hobgoblins
  7 kobolds
  2 quokkas
  6 giant newts
  2 quokka skeletons (D:4)
  16 rats
117 creatures vanquished.
